 Dungeon Crawl Stone Soup version 0.25-a0-109-ge9c0e85935 (webtiles) character file.

Game seed: 7498997446620352063, levelgen mode: deterministic

16 Leeroy the Slasher (level 2, 0/23 HPs)
             Began as a Barachi Skald on Nov 18, 2019.
             Engulfed by a cloud of flame (18 damage)
             ... on level 1 of the Dungeon.
             The game lasted 00:01:10 (1120 turns).

Leeroy the Slasher (Barachi Skald)                  Turns: 1120, Time: 00:01:10

Health: 0/23       AC:  3    Str: 12    XL:     2   Next: 58%
Magic:  5/5        EV: 12    Int: 13    God:
Gold:   46         SH:  0    Dex: 11    Spells: 4/5 levels left

rFire    . . .     SeeInvis .   a - +0 falchion
rCold    . . .     Gourm    .   (no shield)
rNeg     . . .     Faith    .   b - +0 leather armour
rPois    .         Spirit   .   (no helmet)
rElec    .         Reflect  .   (no cloak)
rCorr    .         Harm     .   (no gloves)
MR       .....                  (no boots)
Stlth    +.........             (no amulet)
HPRegen  0.07/turn              (no ring)
MPRegen  0.09/turn              (no ring)

@: slow
A: +LOS, swims, slowness 1, strong legs 1
a: Hop


You were on level 1 of the Dungeon.
You were hungry.

You visited 1 branch of the dungeon, and saw 1 of its levels.

You collected 46 gold pieces.

Inventory:

Hand Weapons
 a - a +0 falchion (weapon)
 c - a +0 hunting sling
Armour
 b - a +0 leather armour (worn)
Scrolls
 e - 2 scrolls of teleportation {unknown}
 h - a scroll of identify {unknown}
Potions
 f - a potion of curing {unknown}
 g - a potion of cancellation {unknown}
 i - a potion of agility {unknown}
 j - a potion of ambrosia {unknown}
 k - a potion of flight {unknown}
Comestibles
 d - 2 rations


   Skills:
 - Level 2.4 Fighting
 + Level 3.8 Long Blades
 - Level 1.2 Armour
 - Level 2.1 Dodging
 - Level 2.1 Spellcasting
 - Level 3.2 Charms


You had 4 spell levels left.
You knew the following spells:

 Your Spells              Type           Power        Failure   Level  Hunger
a - Infusion              Chrm           #...         9%          1    ##.....

Your spell library contained the following spells:

 Spells                   Type           Power        Failure   Level  Hunger
 Song of Slaying          Chrm           #.......     12%         2    ###....
 Shroud of Golubria       Chrm/Tloc      #.....       24%         2    ###....
 Regeneration             Chrm/Necr      #.........   43%         3    ####...
 Spectral Weapon          Hex/Chrm       #.......     43%         3    ####...


Dungeon Overview and Level Annotations

Branches:
Dungeon (1/15)

Altars:


Innate Abilities, Weirdness & Mutations

Shadows flee at your approach. (+LOS)
You can swim through water.
You cover ground slowly.
You can hop short distances.


Message History

You barely miss the hobgoblin.
The hobgoblin is almost dead.
The hobgoblin hits you.
You hit the hobgoblin.
You kill the hobgoblin!
No target in view!
No target in view!
No target in view!
No target in view!
No target in view!
You now have 35 gold pieces (gained 11).
You see here a bat corpse.
k - a smoky white potion You now have 46 gold pieces (gained 11).
Found 48 stones and a giant spiked club.
Really walk into a travel-excluded area?
Found a blue potion.
You are engulfed in blazing flames.
Ouch! That really hurt!
You die...

#......†####
#.#######...#### #
##......# #.#..#.###
###...### #.##≈.#.#.
.##.### #...≈≈##.# ....#
###..≈≈.## ##..#
###########.≈..≈ #...# #
#..............≈ ##..##
##...#####.######.≈≈≈..≈≈
......§ §.(.$.§○@..#
#...≈.#≈# ####..$
○!!...☼§§..# ###.≈.≈≈#
#.° ○.()..§☼○.## #..≈≈##
#####...###### #..≈## #§☼
##..# #○ #### #


There were no monsters in sight!

Vanquished Creatures
  2 leopard geckos (D:1)
  4 hobgoblins (D:1)
  5 bats (D:1)
  A frilled lizard (D:1)
  A kobold (D:1)
  2 rats (D:1)
15 creatures vanquished.

Notes
Turn   | Place    | Note
-------+----------+-------------------------------------------
     0 | D:1      | Leeroy the Barachi Skald began the quest for the Orb.
     0 | D:1      | Reached XP level 1. HP: 17/17 MP: 3/3
   202 | D:1      | Reached XP level 2. HP: 8/23 MP: 5/5
   590 | D:1      | HP: 1/23 [hobgoblin/+0 club (3)]
  1120 | D:1      | Engulfed by a cloud of flame

Levels and vault maps discovered:
D:1:      wander_arrival_abandoned_jail, layout_rooms,
          chequers_serial_rivers_small_b, chequers_hall_statues_wall_a,
          minivault_19, minivault_11, roderic_filled_cross, lemuel_flame_loot_1

Skill      XL: |  1 |
---------------+----+-----
Long Blades    | 3 |  3.8
Fighting       | |  2.4
Armour         | |  1.2
Dodging        | |  2.1
Spellcasting   | |  2.1
Charms         | |  3.2

Action                   || total
-------------------------++-------
Melee: Falchion          ||    47
Armor: Leather armour    ||    12
Dodge: Dodged            ||    43
       Rpst.: Falchion   ||    14

Table legend:
 A = Non-vault XP
 B = Vault XP
 C = Vault XP percentage of total XP
 D = Non-vault monster count
 E = Vault monster count
 F = Vault count percentage of total count
                 A         B        C        D         E       F
            +---------+---------+-------+---------+---------+-------
      Total |      24 |       0 |   0.0 |      15 |       0 |   0.0
            +---------+---------+-------+---------+---------+-------
        D:1 |      24 |       0 |   0.0 |      15 |       0 |   0.0
            +---------+---------+-------+---------+---------+-------
